 Dungeon Crawl Stone Soup version 0.31-a0-343-g456c268693 (webtiles) character file.

Game seed: 6267594279994406642

86745 MrAu the Fencer (level 14, -10/93 (98) HPs)
             Began as a Tengu Gladiator on July 21, 2023.
             Was the Champion of Ru.
             Mangled by a +3 heavy mace (15 damage)
             ... animated by Zenata
             ... on level 2 of the Elven Halls.
             The game lasted 00:55:07 (23556 turns).

MrAu the Fencer (Tengu Gladiator)                  Turns: 23556, Time: 00:55:08

HP:   -10/93 (98)   AC: 15    Str: 23    XL:     14   Next: 88%
MP:   0/15          EV: 22    Int: 11    God:    Ru [******]
Gold: 433           SH: 14    Dex: 22    Spells: 13/13 levels left

rFire   + . .        a - +8 falchion of Aptytim {spect, rPois Str+6 Int+3 Dex+3}
rCold   + . .        w - +0 kite shield
rNeg    . . .        S - +0 troll leather armour
rPois   +            A - +2 hat
rElec   +            C - scarf {rC+ rF+}
rCorr   .            b - +2 pair of gloves
SInv    .            (boots unavailable)
Will    ++...        g - amulet of guardian spirit Stlth
                     R - ring of willpower
HPRegen 1.15/turn    P - +4 ring of protection
MPRegen 0.14/turn

%: guardian spirit
@: exhausted, flying quickly and evasively, hasted, studying Maces & Flails,
drained, unable to read, very quick
A: beak, talons 3, inability to read after injury 2, no stealth, hated by all,
no hexes magic, no poison magic, no translocations magic, inexperienced 1,
nimble flight, no forms, electricity resistance, subdued magic 1, MP-powered
wands
a: Renounce Religion, Draw Out Power, Power Leap, Apocalypse


You were on level 2 of the Elven Halls.
You worshipped Ru.
Ru was exalted by your worship.
You visited 5 branches of the dungeon, and saw 22 of its levels.
You visited 1 bazaar.
You also visited: Sewer.

You collected 2000 gold pieces.
You spent 1567 gold pieces at shops.

Inventory:

Hand Weapons
 a - the +8 falchion of Aptytim (weapon) {spect, rPois Str+6 Int+3 Dex+3}
   (You bought it in a shop on level 2 of the Orcish Mines)

   Str:       It affects your strength (+6).
   Int:       It affects your intelligence (+3).
   Dex:       It affects your dexterity (+3).
   rPois:     It protects you from poison.
 K - a +1 spectral demon blade
 U - a +4 dagger of freezing
Missiles
 d - 4 throwing nets
 i - 61 poisoned darts
 Y - a curare-tipped dart (quivered)
Armour
 b - a +2 pair of gloves (worn)
 c - a +0 hat
 w - a +0 kite shield (worn)
 A - a +2 hat (worn)
 C - a scarf of resistance (worn)
 S - a +0 troll leather armour (worn)
Jewellery
 g - an amulet of guardian spirit (around neck)
 t - a ring of positive energy
 v - a +4 ring of protection
 D - a ring of poison resistance
 G - a +4 ring of slaying
 P - a +4 ring of protection (right hand)
 R - a ring of willpower (left hand)
Wands
 e - a wand of flame (6)
 f - a wand of light (13)
 r - a wand of roots (19)
 x - a wand of mindburst (12)
 X - a wand of polymorph (11)
 Z - a wand of paralysis (9)
Scrolls
 h - 3 scrolls of enchant armour
 l - a scroll of brand weapon
 o - 6 scrolls of vulnerability
 p - 5 scrolls of teleportation
 s - a scroll of fog
 y - a scroll of torment
 z - a scroll of fear
 B - 4 scrolls of blinking
 E - 2 scrolls of enchant weapon
 M - 2 scrolls of revelation
 O - 2 scrolls of identify
 W - a scroll of silence
Potions
 j - 5 potions of curing
 k - 3 potions of might
 m - 2 potions of heal wounds
 n - 5 potions of haste
 q - a potion of mutation
 u - 5 potions of attraction
 F - a potion of berserk rage
 H - a potion of enlightenment
 I - a potion of brilliance {unknown}
 J - a potion of lignification {unknown}
 L - a potion of resistance
 N - 2 potions of invisibility {unknown}
 T - 3 potions of ambrosia
 V - 2 potions of cancellation


   Skills:
 - Level 15.0 Fighting
 - Level 16.0 Long Blades
 - Level 2.0 Throwing
 - Level 12.0 Armour
 - Level 9.4 Dodging
 * Level 13.5 Shields


You had 13 spell levels left.
You didn't know any spells.
Your spell library contained the following spells:

 Spells                   Type           Power      Damage    Failure   Level
 Sandblast                Erth           0%         2d4       47%         1
 Passwall                 Tmut/Erth      0%         N/A       63%         2
 Stone Arrow              Conj/Erth      0%         3d7       86%         3
 Arcjolt                  Conj/Air       0%         1d10      100%        5
 Maxwell's Capacitive Co  Air            0%         ∞         100%        8
 Blink                    Tloc           Unusable   N/A       N/A         2
 Ensorcelled Hibernation  Hex/Ice        Unusable   N/A       N/A         2
 Lesser Beckoning         Tloc           Unusable   N/A       N/A         2
 Momentum Strike          Conj/Tloc      Unusable   3d8       N/A         2
 Vhi's Electric Charge    Tloc/Air       Unusable   N/A       N/A         3
 Anguish                  Hex/Necr       Unusable   N/A       N/A         4

Dungeon Overview and Level Annotations

Branches:
Dungeon (12/15)            Temple (1/1) D:5            Lair (4/5) D:11
  Swamp (0/4) Lair:2        Snake (0/4) Lair:3        Slime (0/5) Lair:4
    Orc (2/2) D:12            Elf (3/3) Orc:2         Sewer (visited)

Altars:
Ashenzari
Cheibriados
Dithmenos
Elyvilon
Gozag
Kikubaaqudgha
Makhleb
Nemelex Xobeh
Okawaru
Qazlal
Ru
Sif Muna
Trog
Uskayaw
Vehumet
Wu Jian
Xom
Zin
The Shining One

Shops:
D:1 *   D:2 *   Orc:2 *((*   Elf:1 ==:?   Elf:2 =   Elf:3 !

Annotations:
D:2 Sigmund
D:7 1 transporter, Morbidden's ghost, novice AtFi
Lair:3 3 runed translucent doors, Acsiumeo's ghost, journeyman DrMo
Elf:1 6 runed translucent doors
Elf:2 Zenata


Innate Abilities, Weirdness & Mutations

You have a beak for a mouth.
You have claws for feet.
You sometimes lose the ability to read scrolls when taking damage.
You cannot be stealthy.
You are hated by all.
You cannot study or cast Hexes magic.
You cannot study or cast Poison magic.
You cannot study or cast Translocations magic.
You are somewhat inexperienced. (-1 XL)
Your magical nature lets you fly swiftly and evasively.
You cannot voluntarily change form.
You are resistant to electric shocks. (rElec)
Your spells are a little easier to cast, but a little less powerful.
You expend magic power (3 MP) to strengthen your wands.


Message History

You block the +2 scimitar of holy wrath's attack.
The +3 heavy mace closely misses you. The +0 hand axe of freezing hits you!
The +0 hand axe of freezing freezes you.
The +2 scimitar of holy wrath closely misses you.
Aiming: Bolt of Light
Press: ? - help, Q - select action, (/) - cycle Shift-Dir - straight line, p - +2 scimitar of holy wrath
Okay, then.
The +2 scimitar of holy wrath attacks as you move away!
The +2 scimitar of holy wrath hits you.
You focus your inner power and illuminate the +2 scimitar of holy wrath in retribution!
The +3 heavy mace hits you!!
* * * LOW HITPOINT WARNING * * *
The +0 hand axe of freezing hits you.
* * * LOW HITPOINT WARNING * * *
Zenata shouts, "I'll hammer you into slag!"
You redirect Zenata's attack!
You feel much better.
The +0 hand axe of freezing barely misses you.
The +3 heavy mace is stunned by your conviction and fails to attack.
The +0 hand axe of freezing hits you but does no damage.
The +0 flail of protection hits you! The +2 scimitar of holy wrath hits you!
* * * LOW HITPOINT WARNING * * *
The +3 heavy mace is stunned by your conviction and fails to attack.
Zenata begins to cast a spell, but is stunned by your conviction!
Unknown command.
You feel yourself speed up.
You block the +0 flail of protection's attack.
The +0 hand axe of freezing hits you but does no damage.
The +2 scimitar of holy wrath misses you.
The +3 heavy mace hits you.
* * * LOW HITPOINT WARNING * * *
You focus your inner power and illuminate the +3 heavy mace in retribution!
You redirect the +0 hand axe of freezing's attack!
The +0 hand axe of freezing hits itself.
The +0 flail of protection hits you!
* * * LOW HITPOINT WARNING * * *
You focus your inner power and illuminate the +0 flail of protection in retribution!
You block the +2 scimitar of holy wrath's attack.
The +3 heavy mace hits you!
You die...

...... ##.## #. ......
#...# #. ......# ###...###
#. ....... #...#...# #.
......'#####.#.#.#.####
###) #'.'#(...........##
##..)
##.'.a.##(..##....####[...
+.'#.{.(((..........[[..[
+#####.#@#.#.########[...
#.(.#...# #.... ###...###
##.... #...# ##'#... ##.##
##.####) ###### ##.## #.
#.# ##.## #. ##.###.## ##'
#...#>## ##..


You could see Zenata (slow) and 5 dancing weapons.

Vanquished Creatures
  Asterion (Elf:2)
  A deep elf sorcerer (Elf:2)
  A deep elf annihilator (Elf:2)
  A deep elf demonologist (Elf:2)
  2 deep elf high priests (Elf:1)
  A hydra (D:11)
  A boulder beetle (D:11)
  A catoblepas (Lair:4)
  7 dancing weapons
  A centaur warrior (D:11)
  2 two-headed ogres (D:11)
  5 orc high priests
  11 deep elf knights
  3 skysharks
  Nergalle (D:11)
  8 deep elf archers
  An orange crystal statue (Elf:2)
  A bog body (Lair:1)
  5 orc knights
  16 deep elf zephyrmancers
  24 deep elf pyromancers
  5 orc sorcerers
  3 cyclopes
  A salamander (Lair:3)
  2 ugly things (D:12)
  4 manticores (D:11)
  A black mamba (Lair:2)
  9 elephants
  3 gargoyles
  2 rime drakes
  6 cane toads
  An unseen horror (D:11)
  9 komodo dragons
  5 kobold demonologists
  3 trolls
  2 polar bears
  4 slime creatures
  4 air elementals
  A jumping spider (shapeshifter) (Elf:1)
  A yak (shapeshifter) (Elf:1)
  A vampire (D:12)
  6 wyverns
  2 wraiths
  A shadow (D:12)
  2 water elementals
  57 yaks
  5 redbacks
  2 basilisks
  2 steam dragons
  A steam dragon (shapeshifter) (Elf:1)
  3 fire elementals
  Grum (D:11)
  5 vampire mosquitoes
  A warg (Elf:1)
  4 acid dragons
  5 water moccasins
  A swamp drake (D:12)
  Pargi (Sewer)
  2 ice beasts
  A sky beast (D:7)
  24 orc warriors
  A black bear (Lair:2)
  6 ogres
  12 wolves
  5 centaurs
  A phantom (D:4)
  6 kobold brigands
  13 bullfrogs
  2 earth elementals (Elf:1)
  2 gnoll sergeants
  5 scorpions
  16 wights
  4 killer bees
  7 howler monkeys
  2 electric eels (D:7)
  3 lava snakes (Lair:3)
  5 hounds
  4 jellies
  20 orc priests
  A gnoll bouda (D:8)
  A sleepcap (D:6)
  Ijyb (D:3)
  5 iguanas
  5 hell rats
  20 orc wizards
  13 gnolls
  13 adders
  2 shadow imps (D:8)
  2 white imps
  2 ufetubi
  2 worms
  A dart slug (D:4)
  87 orcs
  10 ball pythons
  3 endoplasms
  9 giant cockroaches
  8 goblins
  5 hobgoblins
  6 quokkas
  5 bats
  3 frilled lizards
  29 kobolds
  2 rats
636 creatures vanquished.

Vanquished Creatures (collateral kills)
  2 gnolls (D:5)
2 creatures vanquished.

Vanquished Creatures (others)
  A deep elf demonologist (Elf:1)
  Snorg (D:11)
  Erolcha (D:11)
  A deep elf knight (Elf:1)
  A deep elf archer (Elf:2)
  A deep elf pyromancer (Elf:1)
  A deep elf zephyrmancer (Elf:2)
  A wolf spider (Lair:2)
  A troll (D:10)
  2 bullfrogs
  An orc (Elf:1)
  2 spectral weapons (Elf:2)
14 creatures vanquished.

Grand Total: 652 creatures vanquished

Notes
Turn   | Place    | Note
-------+----------+-------------------------------------------
     0 | D:1      | MrAu the Tengu Gladiator began the quest for the Orb.
     0 | D:1      | Reached XP level 1. HP: 12/12 MP: 2/2
    18 | D:1      | Found Nekaxoma's General Store.
   149 | D:1      | Reached XP level 2. HP: 17/17 MP: 3/3
   276 | D:1      | Bought a scroll of identify for 28 gold pieces
   575 | D:2      | Found Votac's General Store.
   658 | D:2      | Noticed Sigmund
   679 | D:1      | Reached XP level 3. HP: 20/22 MP: 4/4
  1401 | D:3      | Reached XP level 4. HP: 6/27 MP: 5/5
  1560 | D:3      | Found a shadowy altar of Dithmenos.
  1580 | D:3      | Reached skill level 4 in Long Blades
  1592 | D:3      | Found a glowing drain.
  1607 | Sewer    | Entered a sewer
  1664 | Sewer    | Noticed Pargi
  1671 | Sewer    | Gained mutation: You are resistant to electric shocks.
                  | (rElec) [potion of mutation]
  1671 | Sewer    | Gained mutation: Your spells are a little easier to cast,
                  | but a little less powerful. [potion of mutation]
  1671 | Sewer    | Gained mutation: You expend magic power (3 MP) to
                  | strengthen your wands. [potion of mutation]
  1686 | Sewer    | Killed Pargi
  1687 | Sewer    | Reached skill level 5 in Dodging
  1687 | Sewer    | Gained mutation: Your magical nature lets you fly swiftly
                  | and evasively. [Tengu growth]
  1687 | Sewer    | Reached XP level 5. HP: 10/32 MP: 6/6
  1844 | D:3      | Noticed Ijyb
  1856 | D:3      | Killed Ijyb
  1857 | D:3      | Reached XP level 6. HP: 14/37 MP: 7/7
  2619 | D:4      | Reached skill level 5 in Long Blades
  2619 | D:4      | Reached XP level 7. HP: 34/42 MP: 8/8
  2983 | D:4      | Found a bloodstained altar of Trog.
  3773 | D:5      | Entered Level 5 of the Dungeon
  4213 | D:5      | Found a staircase to the Ecumenical Temple.
  4218 | Temple   | Entered the Ecumenical Temple
  4267 | Temple   | Became a worshipper of Ru the Awakened
  4301 | D:5      | Reached XP level 8. HP: 31/48 MP: 5/9
  4419 | D:5      | Reached skill level 6 in Long Blades
  4433 | D:5      | Reached skill level 5 in Fighting
  5660 | D:6      | Noticed a wyvern
  5676 | D:6      | Killed a wyvern
  5677 | D:6      | Reached XP level 9. HP: 14/55 MP: 1/10
  5823 | D:6      | Reached skill level 7 in Long Blades
  6309 | D:6      | Gained mutation: You occasionally lose the ability to read
                  | scrolls when taking damage. [Ru sacrifice]
  6309 | D:6      | Gained mutation: You sometimes lose the ability to read
                  | scrolls when taking damage. [Ru sacrifice]
  6309 | D:6      | Reached * piety under Ru
  6753 | D:7      | Found a transporter.
  6753 | D:7      | Noticed Morbidden's ghost (novice AtFi)
  7924 | D:8      | Reached skill level 8 in Long Blades
  8302 | D:8      | Reached XP level 10. HP: 62/65 MP: 11/11
  8322 | D:8      | Reached skill level 9 in Long Blades
  8544 | D:8      | Gained mutation: You are hated by all. [Ru sacrifice]
  8544 | D:8      | Reached ** piety under Ru
  8544 | D:8      | Reached *** piety under Ru
  8802 | D:9      | Reached skill level 10 in Fighting
  8905 | D:9      | Noticed a +0 dagger
  8905 | D:9      | Noticed a +0 dagger
  8906 | D:9      | Noticed a +0 spear
  8907 | D:9      | Noticed a +0 short sword
  8907 | D:9      | Noticed a +0 falchion
  8907 | D:9      | Noticed a +0 short sword
  8908 | D:9      | Noticed a +0 falchion
  8908 | D:9      | Noticed a +0 spear
  8920 | D:9      | Found a hide-covered altar of Uskayaw.
  9257 | D:9      | Reached skill level 10 in Long Blades
  9333 | D:9      | Found a stormy altar of Qazlal.
  9473 | D:9      | Found a burning altar of Makhleb.
  9473 | D:9      | Identified the +1 ring mail "Hupsic" {rPois Dex+3 Slay-6
                  | SInv}
  9475 | D:9      | Noticed a balrug
  9604 | D:9      | Found an iron altar of Okawaru.
 10063 | D:10     | Entered Level 10 of the Dungeon
 10116 | D:10     | Found an iron altar of Okawaru.
 10163 | D:10     | Reached XP level 11. HP: 55/74 MP: 8/12
 10817 | D:10     | Found a glowing golden altar of the Shining One.
 10820 | D:10     | Found a white marble altar of Elyvilon.
 10822 | D:10     | Found a glowing silver altar of Zin.
 10823 | D:10     | Found a radiant altar of Vehumet.
 10996 | D:10     | Reached skill level 11 in Long Blades
 11123 | D:11     | Noticed Grum
 11157 | D:11     | Noticed a four-headed hydra
 11157 | D:11     | Noticed a two-headed ogre
 11208 | D:10     | Gained mutation: You cannot be stealthy. [Ru sacrifice]
 11226 | D:11     | Noticed a manticore
 11233 | D:11     | Killed a manticore
 11299 | D:11     | Found a staircase to the Lair.
 11310 | D:11     | Noticed Snorg
 11338 | D:11     | Killed Snorg
 11691 | D:11     | Killed a four-headed hydra
 11845 | D:11     | Killed a two-headed ogre
 11986 | D:11     | Noticed Erolcha
 12037 | D:11     | Killed Erolcha
 12218 | D:11     | Noticed a cyclops
 12220 | D:11     | Noticed Nergalle
 12227 | D:11     | Killed Nergalle
 12230 | D:11     | Killed a cyclops
 12231 | D:11     | Reached skill level 12 in Long Blades
 12231 | D:11     | Reached XP level 12. HP: 81/84 MP: 10/13
 12391 | D:11     | Noticed a two-headed ogre
 12405 | D:11     | Killed a two-headed ogre
 12498 | D:11     | Killed Grum
 12598 | D:11     | Noticed a boulder beetle
 12616 | D:11     | Killed a boulder beetle
 12661 | D:11     | Noticed a centaur warrior
 12921 | D:11     | Killed a centaur warrior
 13066 | D:12     | Found a staircase to the Orcish Mines.
 13287 | D:11     | Reached skill level 15 in Fighting
 13338 | D:12     | Reached skill level 13 in Long Blades
 13541 | D:12     | Reached skill level 1 in Armour
 14073 | D:12     | Reached skill level 5 in Armour
 14077 | D:12     | Reached XP level 13. HP: 83/92 MP: 11/14
 14153 | D:12     | Gained mutation: You cannot study or cast Poison magic. [Ru
                  | sacrifice]
 14153 | D:12     | Gained mutation: You cannot study or cast Hexes magic. [Ru
                  | sacrifice]
 14153 | D:12     | Gained mutation: You cannot study or cast Translocations
                  | magic. [Ru sacrifice]
 14153 | D:12     | Reached **** piety under Ru
 14153 | D:12     | Reached ***** piety under Ru
 14711 | Lair:1   | Entered Level 1 of the Lair of Beasts
 15386 | Lair:2   | Found a shadowy altar of Dithmenos.
 15386 | Lair:2   | Found a staircase to the Swamp.
 15398 | Lair:1   | Reached skill level 14 in Long Blades
 16219 | Lair:2   | Gained mutation: You are somewhat inexperienced. (-1 XL)
                  | [Ru sacrifice]
 16219 | Lair:2   | Reached XP level 12. HP: 76/87 MP: 10/13
 16734 | Lair:3   | Found a staircase to the Snake Pit.
 16749 | Lair:3   | Reached skill level 10 in Armour
 16964 | Lair:3   | Found a runed translucent gate.
 16965 | Lair:3   | Found a runed translucent gate.
 16966 | Lair:3   | Found a runed translucent gate.
 16966 | Lair:3   | Noticed Acsiumeo's ghost (journeyman DrMo)
 17758 | Lair:3   | Reached skill level 15 in Long Blades
 17760 | Lair:3   | Reached XP level 13. HP: 51/92 MP: 9/14
 17887 | Lair:4   | Found a staircase to the Slime Pits.
 18606 | Orc:1    | Entered Level 1 of the Orcish Mines
 18694 | Orc:1    | Gained mutation: You cannot voluntarily change form. [Ru
                  | sacrifice]
 18694 | Orc:1    | Reached ****** piety under Ru
 18711 | Orc:1    | Reached skill level 1 in Shields
 18830 | Orc:2    | Entered Level 2 of the Orcish Mines
 19197 | Orc:2    | Paralysed by an orc sorcerer for 3 turns
 19507 | Orc:2    | Found a staircase to the Elven Halls.
 20046 | Orc:2    | Found Qylir's General Store.
 20046 | Orc:2    | Found Viupti's General Store.
 20047 | Orc:2    | Found Uzops's Weapon Shop.
 20047 | Orc:2    | Found Qileuroo's Weapon Shop.
 20089 | Orc:2    | Bought the +8 falchion of Aptytim {spect, rPois Str+6 Int+3
                  | Dex+3} for 1174 gold pieces
 20279 | Elf:1    | Entered Level 1 of the Elven Halls
 20292 | Orc:2    | Reached skill level 5 in Shields
 20341 | Elf:1    | Found Dutekon's Magic Scroll Emporium.
 20418 | Elf:1    | Reached skill level 16 in Long Blades
 20449 | Elf:1    | Found a flickering gateway to a bazaar.
 20458 | Bazaar   | Entered a bazaar
 20460 | Bazaar   | Found Weucwyud's Book Shoppe.
 20525 | Bazaar   | Found Niuseo's Antique Armour Emporium.
 20533 | Bazaar   | Found Woczeat's Assorted Antiques.
 20586 | Bazaar   | Found Veham's Weapon Emporium.
 20634 | Bazaar   | Bought a pair of runed gloves for 157 gold pieces
 20648 | Bazaar   | Bought a potion of mutation for 208 gold pieces
 21109 | Elf:1    | Reached XP level 14. HP: 98/98 MP: 15/15
 21202 | Elf:1    | Reached skill level 10 in Shields
 21229 | Elf:1    | Found a runed translucent gate.
 21229 | Elf:1    | Found a runed translucent gate.
 21229 | Elf:1    | Found a runed translucent gate.
 21229 | Elf:1    | Found a runed translucent gate.
 21229 | Elf:1    | Found a runed translucent gate.
 21230 | Elf:1    | Found a runed translucent gate.
 21230 | Elf:1    | Noticed a shadow dragon
 21230 | Elf:1    | Noticed an iron dragon
 22127 | Elf:1    | Found Numair's Jewellery Emporium.
 22128 | Elf:1    | Found Ycallar's Book Boutique.
 22129 | Elf:1    | Found Alixyz's Jewellery Emporium.
 22274 | Elf:2    | Noticed Asterion
 22304 | Elf:2    | Killed Asterion
 22396 | Elf:2    | Paralysed by an air elemental for 1 turns
 22632 | Elf:2    | Found a runed translucent gate.
 22632 | Elf:2    | Found a runed translucent gate.
 22637 | Elf:2    | Found a runed translucent gate.
 22664 | Elf:2    | Noticed a deep elf sorcerer
 22691 | Elf:2    | Killed a deep elf sorcerer
 22989 | Elf:2    | Found Rask's Jewellery Emporium.
 23286 | Elf:3    | Entered Level 3 of the Elven Halls
 23287 | Elf:3    | Found Luethrol's Distillery.
 23541 | Elf:2    | Noticed Zenata
 23556 | Elf:2    | Mangled by a +3 heavy mace

Illustrated notes

Levels and vault maps discovered:
D:1:      heliophobic_arrival_henge, layout_basic, serial_shops,
          nicolae_shop_tiny_glass, minmay_misc_feat_plants
D:2:      layout_basic, serial_shops, nicolae_shop_waterfront,
          serial_bayou_ford_a, uniq_sigmund
D:3:      minmay_inner_zag, layout_loops_ring, grunt_dithmenos_smoke,
          gup_sewer_entry_pipe, uniq_ijyb
D:4:      layout_basic, mainiacjoe_overflow_surrounded_room, minmay_circle_x
D:5:      layout_gridville, temple_doors_e, hangedman_decor_diamond_cutter,
          minmay_bent
D:6:      layout_cave_pools
D:7:      cheibrodos_helix_gallery, layout_layer_cave, gammafunk_ghost_smash
D:8:      layout_loops_cross
D:9:      layout_loops_corners, makhleb_altar_promises_db, kennysheep_mini,
          nicolae_uskayaw_en_pointe, special_room [special_room_orc],
          david_defended_altar_orc
D:10:     layout_long_grid, mainiacjoe_overflow_alcove_3,
          okawaru_metal_pillars_1_2, amcnicky_mini_corridor_feature,
          chequers_serial_rivers_micro_e, corexii_hall_statues_x
D:11:     minmay_clustersquares, layout_loops_ring, lair_entry_dummy,
          uniq_erolcha, uniq_snorg, uniq_nergalle, uniq_grum
D:12:     layout_cave_pools, erik_orc_1, drop_trap
Temple:   nicolae_temple_hex_pool
Lair:1:   layout_misc_corridors, st_stairs_4, infiniplex_staircase_pool_2
Lair:2:   minmay_lair_venomous_thicket, layout_loops_ring,
          skrybe_swamp_entry_bodies, basic_altar, fungi_pond_lemuel,
          serial_bayou_shore_b, serial_bayou_shore_b
Lair:3:   layout_cave_pods, nicolae_snake_entry_warm_welcome,
          gammafunk_ghost_hydra_chop
Lair:4:   layout_roguey, slime_entry_1
Orc:1:    layout_diamond_mine, serial_shops
Orc:2:    st_orc_elflike, layout_diamond_mine
Elf:1:    elf_arrival_002, layout_loops_corners, serial_shops, bzr_in_the_mist,
          shop, orc_legates, lemuel_upstairs_altar, grunt_megastairs_4,
          minmay_shop_grove
Elf:2:    elven_hall_of_blades_hangedman_original
          [nicolae_vaults_blade_armed_guards], layout_geoelf_grid, serial_shops,
          nicolae_square_shop, minivault_16, uniq_asterion, uniq_zenata
Elf:3:    minmay_elf_hall_circle, layout_onion_city, serial_shops,
          nicolae_shop_gibbet_a_chance, nicolae_shop_bloodbath_and_beyond, shop,
          nicolae_shop_hallway_plus, nicolae_shop_behind_doors

Skill      XL: |  1  2  3  4  5  6  7  8  9 10 11 12 13 14 |
---------------+-------------------------------------------+-----
Dodging        | 4 5 6 7 9 |  9.4
Long Blades    | 4 5 6 8 10 12 15 16 | 16.0
Fighting       | 3 4 5 8 11 13 15 | 15.0
Armour         | 10 12 | 12.0
Shields        | 8 13 | 13.5
Throwing       | |  2.0

Action                     |  1- 3 |  4- 6 |  7- 9 | 10-12 | 13-15 || total
---------------------------+-------+-------+-------+-------+-------++-------
  Melee: Long sword        |    59 |    89 |   310 |    27 |       ||   485
         Peck              |     6 |    10 |    66 |   162 |   244 ||   488
         Kick              |     7 |    32 |   116 |   266 |   372 ||   793
         Punch             |       |       |     3 |    13 |     4 ||    20
         Falchion          |       |       |       |   644 |   906 ||  1550
         Dagger            |       |       |       |     7 |       ||     7
  Throw: Dart              |       |       |       |    21 |     3 ||    24
 Invoke: Sacrifice Words   |       |       |     1 |       |       ||     1
         Sacrifice Love    |       |       |       |     1 |       ||     1
         Draw Out Power    |       |       |       |     4 |     5 ||     9
         Sacrifice Stealth |       |       |       |     1 |       ||     1
         Sacrifice Experie |       |       |       |     1 |       ||     1
         Apocalypse        |       |       |       |       |     1 ||     1
         Sacrifice Arcana  |       |       |       |       |     1 ||     1
         Sacrifice Forms   |       |       |       |       |     1 ||     1
  Evoke: Wand              |       |       |     1 |     7 |     1 ||     9
    Use: Scroll            |     3 |     5 |     8 |     3 |     6 ||    25
         Potion            |       |     4 |     1 |     3 |     3 ||    11
   Stab: Sleeping          |     4 |     2 |     2 |     1 |       ||     9
         Distracted        |       |     1 |       |     3 |    11 ||    15
         Invisible         |       |       |       |     5 |     3 ||     8
         Petrified         |       |       |       |       |     5 ||     5
         Paralysed         |       |       |       |       |     5 ||     5
         Petrifying        |       |       |       |       |     1 ||     1
 Armour: Leather armour    |    15 |    24 |    24 |       |       ||    63
         Steam dragon scal |       |       |     8 |    12 |       ||    20
         Ring mail         |       |       |       |    20 |       ||    20
         Troll leather arm |       |       |       |    76 |   109 ||   185
  Dodge: Dodged            |    39 |    75 |   282 |   678 |   499 ||  1573
  Block: Kite shield       |       |       |       |       |   172 ||   172

Table legend: (Time is in decaauts)
 A = Elapsed time spent in this place.
 B = Non-inter-level travel time spent in this place.
 C = Inter-level travel time spent in this place.
 D = Time resting spent in this place.
 E = Time spent auto-exploring this place.
 F = Levels seen in this place.
 G = Mean time per level.
                   A        B        C        D        E       F      G
               +--------+--------+--------+--------+--------+-----+--------+
         Total |  22024 |  20668 |   1356 |   3115 |  11951 |  24 |  917.7 |
       Dungeon |  14016 |  13099 |    917 |   2154 |   7736 |  12 | 1168.0 |
        Temple |     54 |     54 |      0 |      0 |      0 |   1 |   54.0 |
          Lair |   3216 |   3037 |    179 |    339 |   2023 |   4 |  804.0 |
  Orcish Mines |   1614 |   1479 |    135 |    351 |    631 |   2 |  807.0 |
   Elven Halls |   2722 |   2597 |    125 |    215 |   1421 |   3 |  907.3 |
        Bazaar |    182 |    182 |      0 |      0 |     78 |   1 |  182.0 |
         Sewer |    217 |    217 |      0 |     55 |     59 |   1 |  217.0 |
               +--------+--------+--------+--------+--------+-----+--------+

Top non-repeatable levels by time:
    D:11: 2038 daAuts
     D:5: 1641 daAuts
   Elf:1: 1565 daAuts
     D:7: 1341 daAuts
     D:9: 1287 daAuts
    D:12: 1255 daAuts
    D:10: 1191 daAuts
     D:4: 1174 daAuts
  Lair:3: 1158 daAuts
   Orc:2: 1152 daAuts
   Elf:2: 1138 daAuts
  Lair:2: 1086 daAuts
     D:6: 939 daAuts
     D:3: 909 daAuts
     D:8: 877 daAuts
